 Dungeon Crawl Stone Soup version 0.31-a0-331-geda263fcf1 (webtiles) character file.

Game seed: 8173714628819304159

1444 porpoise the Skirmisher (level 9, 0/51 HPs)
             Began as a Kobold Hunter on July 20, 2023.
             Was a Follower of Hepliaklqana.
             Succumbed to a killer bee's poison
             ... on level 6 of the Dungeon.
             The game lasted 00:13:23 (5407 turns).

porpoise the Skirmisher (Kobold Hunter)             Turns: 5407, Time: 00:13:24

Health: 0/51       AC:  4    Str:  9    XL:     9   Next: 4%
Magic:  9/9        EV: 15    Int: 10    God:    Hepliaklqana [*.....]
Gold:   347        SH:  5    Dex: 22    Spells: 8/8 levels left

rFire   . . .        a - +1 shortbow (elec)
rCold   . . .        (shield currently unavailable)
rNeg    . . .        c - +0 leather armour
rPois   +            (no helmet)
rElec   .            (no cloak)
rCorr   .            (no gloves)
SInv    +            G - +0 pair of boots
Will    .....        k - amulet of reflection
Stlth   +++          j - ring of see invisible
HPRegen 0.28/turn    x - ring of poison resistance
MPRegen 0.11/turn

%: reflection
@: lethally poisoned (0 -> -7)
A: reduced essence, small, no large weapons, nightstalker 3
a: Renounce Religion, Recall Ancestor, Ancestor Identity


You were on level 6 of the Dungeon.
You worshipped Hepliaklqana.
Hepliaklqana was aware of your devotion.
You visited 2 branches of the dungeon, and saw 7 of its levels.

You collected 347 gold pieces.

Inventory:

Hand Weapons
 a - a +1 shortbow of electrocution (weapon)
 b - a +1 dagger of venom
 B - the +4 war axe "Lotwojip" {spect, rPois rCorr Str-4 SInv}
   (You found it on level 5 of the Dungeon)

   Str:       It affects your strength (-4).
   rPois:     It protects you from poison.
   SInv:      It lets you see invisible.
   rCorr:     It protects you from acid and corrosion.
 D - a +0 broad axe
Armour
 c - a +0 leather armour (worn)
 G - a +0 pair of boots (worn)
Magical Staves
 C - a staff of death
Jewellery
 j - a ring of see invisible (left hand)
 k - an amulet of reflection (around neck)
 x - a ring of poison resistance (right hand)
 E - a ring of wizardry
Talismans
 z - a talisman of death
Wands
 q - a wand of roots (25)
 y - a wand of polymorph (6)
Scrolls
 f - a scroll of teleportation
 i - 2 scrolls of fog
 l - 2 scrolls of brand weapon
 o - a scroll of immolation
 r - a scroll of revelation {unknown}
 s - 2 scrolls of noise
 u - a scroll of poison {unknown}
 v - a scroll of enchant weapon
 F - a scroll of butterflies
Potions
 d - a potion of resistance
 e - 3 potions of haste
 g - a potion of magic
 h - 3 potions of might
 m - a potion of ambrosia
 n - a potion of lignification {unknown}
 p - a potion of curing {unknown}
 t - a potion of berserk rage {unknown}
 w - a potion of heal wounds {unknown}
 A - a potion of mutation {unknown}


   Skills:
 - Level 7.0 Fighting
 * Level 12.3 Ranged Weapons
 - Level 2.4 Dodging
 - Level 1.3 Stealth


You had 8 spell levels left.
You didn't know any spells.
Your spell library contained the following spells:

 Spells                   Type           Power      Damage    Failure   Level
 Shock                    Conj/Air       0%         1d3       47%         1
 Blink                    Tloc           0%         N/A       63%         2
 Static Discharge         Conj/Air       0%         2-2/arc   63%         2
 Portal Projectile        Hex/Tloc       0%         N/A       85%         3
 Swiftness                Air            0%         N/A       85%         3
 Tukima's Dance           Hex            0%         N/A       85%         3
 Airstrike                Air            0%         2d(0-16)  99%         4
 Iskenderun's Mystic Bla  Conj/Tloc      0%         2d3       99%         4
 Manifold Assault         Tloc           0%         N/A       99%         4
 Summon Lightning Spire   Summ/Air       0%         N/A       99%         4


Dungeon Overview and Level Annotations

Branches:
Dungeon (6/15)             Temple (1/1) D:6

Altars:
Ashenzari
Cheibriados
Dithmenos
Elyvilon
Fedhas
Gozag
Hepliaklqana
Kikubaaqudgha
Makhleb
Nemelex Xobeh
Okawaru
Qazlal
Sif Muna
Trog
Vehumet
Wu Jian
Xom
Yredelemnul
Zin
The Shining One


Innate Abilities, Weirdness & Mutations

Your life essence is reduced to manifest your ancestor. (-10% HP)
You are small and have problems with some larger weapons.
You are completely attuned to the shadows.


Message History

The killer bee barely misses you.
Nikki misses the killer bee.
You shoot an arrow.
The arrow completely misses the killer bee.
The arrow closely misses the adder.
You feel sick. The killer bee completely misses you.
You block the killer bee's attack.
The killer bee stings you but does no damage.
The killer bee stings you.
You shoot an arrow. The arrow hits the killer bee.
The killer bee is lightly wounded.
You feel sick. The killer bee stings you. The killer bee stings you!
* * * LOW HITPOINT WARNING * * *
Nikki hits the killer bee.
The killer bee barely misses you. The killer bee completely misses you.
You shoot an arrow. The arrow barely misses the killer bee.
The arrow hits the adder!
The adder is almost dead.
You feel sick.
The killer bee stings you but does no damage.
The killer bee barely misses you.
Nikki hits the killer bee.
The killer bee dies!
Training target 7.0 for Fighting reached!
Your Fighting skill increases to level 7!
You shoot an arrow. The arrow hits the killer bee.
The killer bee is lightly wounded.
You feel sick.
The killer bee stings you but does no damage.
You block the killer bee's attack.
You shoot an arrow. The arrow barely misses the killer bee.
The arrow hits the adder!
You kill the adder!
You feel sick.
You are no longer poisoned.
The killer bee stings you.
* * * LOW HITPOINT WARNING * * *
You are lethally poisoned!
The killer bee poisons you!
Nikki barely misses the killer bee.
The killer bee stings you.
* * * LOW HITPOINT WARNING * * *
You swap places.
You die...

##...>.## ##...##
##'## #.# #.# ...
##.#########.#
##...#.....##[#
#####..........##y#
...###...#......@R#
##.# ##.##.....####
##.####.##.....#
.............###
#######.###### #.#
#.#########
#.........#
#..#####..#


You could see the friendly Nikki the ancestor and a killer bee (ally target).

Vanquished Creatures
  A steam dragon (D:6)
  A sky beast (D:6)
  An ice beast (D:6)
  A black bear (D:6)
  Blork the orc (D:4)
  2 scorpions (D:5)
  A killer bee (D:6)
  An orc priest (D:6)
  2 sleepcaps (D:6)
  5 hounds
  2 iguanas (D:4)
  3 orc wizards
  11 gnolls
  13 adders
  A white imp (D:6)
  3 worms
  4 dart slugs
  16 orcs
  10 endoplasms
  2 giant cockroaches (D:3)
  5 goblins
  5 hobgoblins
  3 jackals (D:2)
  7 kobolds
  2 quokkas
  11 ball pythons
  5 bats
  6 frilled lizards
  8 rats
133 creatures vanquished.

Vanquished Creatures (collateral kills)
  2 killer bees (D:6)
2 creatures vanquished.

Grand Total: 135 creatures vanquished

Notes
Turn   | Place    | Note
-------+----------+-------------------------------------------
     0 | D:1      | porpoise the Kobold Hunter began the quest for the Orb.
     0 | D:1      | Reached XP level 1. HP: 12/12 MP: 1/1
   189 | D:1      | Reached XP level 2. HP: 18/18 MP: 2/2
   257 | D:1      | Found a faded altar of an unknown god.
   357 | D:1      | Reached skill level 6 in Ranged Weapons
   502 | D:1      | Reached XP level 3. HP: 22/22 MP: 3/3
  1110 | D:2      | Reached XP level 4. HP: 28/28 MP: 4/4
  1346 | D:2      | Reached skill level 7 in Ranged Weapons
  1737 | D:3      | Reached XP level 5. HP: 32/32 MP: 5/5
  2337 | D:4      | Reached XP level 6. HP: 38/38 MP: 6/6
  2617 | D:4      | Reached skill level 8 in Ranged Weapons
  2949 | D:4      | Noticed Blork the orc
  2954 | D:4      | Killed Blork the orc
  3286 | D:5      | Entered Level 5 of the Dungeon
  3344 | D:5      | Reached skill level 9 in Ranged Weapons
  3344 | D:5      | Reached XP level 7. HP: 39/44 MP: 7/7
  3386 | D:5      | Reached skill level 5 in Fighting
  3554 | D:5      | Identified the +4 war axe "Lotwojip" {spect, rPois rCorr
                  | Str-4 SInv}
  3985 | D:6      | Reached skill level 10 in Ranged Weapons
  4037 | D:6      | Found a staircase to the Ecumenical Temple.
  4040 | D:6      | Reached XP level 8. HP: 50/50 MP: 8/8
  4137 | Temple   | Entered the Ecumenical Temple
  4158 | Temple   | Became a worshipper of Hepliaklqana the Forgotten
  4202 | D:6      | Reached skill level 11 in Ranged Weapons
  5008 | D:6      | Found an ornate altar of the Wu Jian Council.
  5217 | D:6      | Found an ancient bone altar of Kikubaaqudgha.
  5217 | D:6      | Reached * piety under Hepliaklqana
  5393 | D:6      | Reached skill level 12 in Ranged Weapons
  5399 | D:6      | Reached XP level 9. HP: 35/50 MP: 9/9
  5406 | D:6      | HP: 2/51 [killer bee (4)]
  5407 | D:6      | Succumbed to a killer bee's poison

Illustrated notes

Levels and vault maps discovered:
D:1:      minmay_arrival_stone_box, layout_loops_corners, basic_ecumenical_altar
D:2:      layout_rooms
D:3:      layout_loops_ring
D:4:      layout_cave_pods, uniq_blork_the_orc
D:5:      layout_basic, guppyfry_early_lair_pool
D:6:      layout_loops_corners, lemuel_round_altar, kennysheep_little_box,
          minmay_temple_entry_wispy
Temple:   regret_index_temple_mists

Skill      XL: |  1  2  3  4  5  6  7  8  9 |
---------------+----------------------------+-----
Ranged Weapons | 6 7 9 10 12 | 12.3
Fighting       | 3 4 5 6 7 |  7.0
Dodging        | |  2.4
Stealth        | |  1.3

Action                     |  1- 3 |  4- 6 |  7- 9 || total
---------------------------+-------+-------+-------++-------
   Fire: Shortbow          |    66 |   143 |   158 ||   367
 Invoke: Ancestor Identity |       |       |     2 ||     2
    Use: Scroll            |       |     8 |     3 ||    11
 Armour: Leather armour    |     4 |     6 |    11 ||    21
  Dodge: Dodged            |    24 |    13 |    49 ||    86
  Block: Other             |       |     6 |    12 ||    18

Table legend: (Time is in decaauts)
 A = Elapsed time spent in this place.
 B = Non-inter-level travel time spent in this place.
 C = Inter-level travel time spent in this place.
 D = Time resting spent in this place.
 E = Time spent auto-exploring this place.
 F = Levels seen in this place.
 G = Mean time per level.
                   A        B        C        D        E       F      G
               +--------+--------+--------+--------+--------+-----+--------+
         Total |   5427 |   5187 |    240 |    486 |   4048 |   7 |  775.3 |
       Dungeon |   5372 |   5185 |    187 |    486 |   4048 |   6 |  895.3 |
        Temple |     54 |      1 |     53 |      0 |      0 |   1 |   54.0 |
               +--------+--------+--------+--------+--------+-----+--------+

Top non-repeatable levels by time:
     D:6: 1370 daAuts
     D:1: 1048 daAuts
     D:4: 964 daAuts
     D:5: 694 daAuts
     D:3: 656 daAuts
     D:2: 639 daAuts
  Temple: 54 daAuts
